 Dungeon Crawl Stone Soup version 0.29-a0-885-gb26ba3297d (webtiles) character file.

Game seed: 14626231127544015884

100 Snarg the Vexing (level 4, -8/22 HPs)
             Began as a Spriggan Arcane Marksman on July 20, 2022.
             Was a Plaything of Xom.
             Killed by nerve-wracking pain
             ... invoked by an orc priest
              (14 damage)
             ... on level 3 of the Dungeon.
             The game lasted 00:12:15 (3664 turns).

Snarg the Vexing (Spriggan Arcane Marksman)         Turns: 3664, Time: 00:12:18

Health: -8/22      AC:  2    Str:  6    XL:     4   Next: 46%
Magic:  6/7        EV: 18    Int: 14    God:    Xom [..*...]
Gold:   107        SH:  0    Dex: 17    Spells: 4/5 levels left

rFire   . . .      SeeInvis +   b - +0 dagger
rCold   . . .      Faith    .   (no shield)
rNeg    . . .      Spirit   .   c - +0 robe
rPois   .          Reflect  .   (helmet restricted)
rElec   .          Harm     .   (no cloak)
rCorr   .          Rampage  .   (gloves unavailable)
Will    .....                   (boots unavailable)
Stlth   ++........              (no amulet)
HPRegen 0.07/turn               (no ring)
MPRegen 0.10/turn               (no ring)

@: very slightly contaminated, very quick
A: very small, no large weapons, unfitting armour, see invisible, speed 3
a: Renounce Religion


You were on level 3 of the Dungeon.
You worshipped Xom.
You were a toy of Xom.
You visited 1 branch of the dungeon, and saw 3 of its levels.

You collected 107 gold pieces.

Inventory:

Hand Weapons
 a - a +0 sling
 b - a +0 dagger (weapon)
 h - a +0 short sword
 v - a +2 vampiric whip
Missiles
 f - 27 stones
 o - 2 throwing nets
 x - 2 poisoned darts
Armour
 c - a +0 robe (worn)
Jewellery
 j - an amulet of faith
Scrolls
 d - a scroll of brand weapon {unknown}
 e - a scroll of vulnerability
 l - a scroll of amnesia {unknown}
 m - a scroll of acquirement {unknown}
 q - a scroll of identify {unknown}
 s - 2 scrolls of fog {unknown}
 u - a scroll of blinking {unknown}
 w - a scroll of immolation {unknown}
 y - a scroll of enchant armour {unknown}
Potions
 g - a potion of might {unknown}
 i - a potion of lignification {unknown}
 k - a potion of haste
 n - a potion of curing {unknown}
 p - a potion of attraction {unknown}
 r - a potion of ambrosia {unknown}
 t - a potion of degeneration {unknown}


   Skills:
 - Level 1.0 Fighting
 + Level 0.4 Short Blades
 + Level 3.7 Ranged Weapons
 + Level 3.0 Dodging
 + Level 2.4 Stealth
 + Level 1.4 Spellcasting
 + Level 4.2 Hexes


You had 4 spell levels left.
You knew the following spells:

 Your Spells              Type           Power      Damage    Failure   Level
a - Slow                  Hex            48%        N/A       4%          1

Your spell library contained the following spells:

 Spells                   Type           Power      Damage    Failure   Level
 Beastly Appendage        Tmut           2%         N/A       26%         1
 Inner Flame              Hex/Fire       6%         N/A       32%         3
 Portal Projectile        Hex/Tloc       12%        N/A       32%         3
 Wereblood                Tmut           1%         N/A       36%         2
 Cause Fear               Hex            6%         N/A       41%         4
 Spider Form              Tmut/Pois      1%         N/A       58%         3


Dungeon Overview and Level Annotations

Branches:
Dungeon (3/15)

Altars:
Xom

Annotations:
D:1 clr
D:2 clr
D:3 exclusions: frilled lizard and phantom


Innate Abilities, Weirdness & Mutations

You are very small and have problems with some larger weapons.
You are too small for most types of armour.
You have supernaturally acute eyesight. (SInv)
You cover ground extremely quickly. (Speed+++)


Message History

The adder is heavily wounded.
You hit the adder.
The adder is severely wounded.
The adder completely misses you.
You hit the adder.
The adder is severely wounded.
The adder completely misses you.
You hit the adder.
You kill the adder!
No target in view!
a - a +0 sling (weapon)
y - a scroll labelled LILUTS YRENNOZ You see here an adder corpse.
You see here an adder corpse.
Found a dagger.
You shoot a sling bullet.
The sling bullet closely misses the orc priest.
b - a +0 dagger (weapon)
An adder comes into view.
You hit the orc priest but do no damage.
The orc priest calls down the wrath of Beogh upon you.
Beogh smites you!
Ouch! That really hurt!
* * * LOW HITPOINT WARNING * * *
A shower of butterflies erupts from you!
Casting: Slow (safe; 4% risk of failure)
Confirm with . or Enter, or press ? or * to list all spells.
Aiming: Slow (safe; 4% risk of failure)
Press: ? - help, Shift-Dir - straight line, f/p - orc priest
Aim: an orc priest, wielding a +0 hand axe (ally target, chance to affect: 50%)
You miscast Slow.
You are very lightly contaminated with residual magic.
Nothing appears to happen.
The adder bites your butterfly.
Your butterfly dies!
Your butterfly disappears in a puff of smoke!
The orc priest calls down the wrath of Beogh upon you.
Pain shoots through your body!
Ouch! That really hurt!
You die...
Xom is highly amused!

####.#.####..###.#
...#...........#
##########.....##
#.....# #.....# # #####
#.##### ... )..# #.#
##...###b## #.#
.....S§o@.########.####
##...#.#b.............#
#....#.#.###.......##.#
.... #.#.# #.########.#
... ........# #.#
#o#.#.#.##### #.# ..
#.#.#.#.# #.#
#^.####o#.#.#.# #.#
#...........#.# #.#


You could see an orc priest (ally target) and an adder.

Vanquished Creatures
  An adder (D:3)
  5 dart slugs
  2 orcs (D:3)
  10 ball pythons
  7 endoplasms
  A giant cockroach (D:1)
  8 goblins
  6 hobgoblins
  4 jackals
  5 kobolds
  5 quokkas
  7 bats
  5 frilled lizards
  A rat (D:1)
67 creatures vanquished.

Vanquished Creatures (others)
  3 fungi (D:3)
  3 plants (D:3)
6 creatures vanquished.

Grand Total: 73 creatures vanquished

Notes
Turn   | Place    | Note
-------+----------+-------------------------------------------
     0 | D:1      | Snarg the Spriggan Arcane Marksman began the quest for the
                  | Orb.
     0 | D:1      | Reached XP level 1. HP: 9/9 MP: 3/3
   447 | D:1      | Reached XP level 2. HP: 14/14 MP: 5/5
   477 | D:1      | Reached skill level 4 in Hexes
   510 | D:1      | Reached skill level 1 in Stealth
   696 | D:1      | Reached skill level 1 in Fighting
  1006 | D:1      | Reached XP level 3. HP: 18/18 MP: 6/6
  2614 | D:3      | Noticed a phantom
  2649 | D:3      | Reached XP level 4. HP: 22/22 MP: 7/7
  2918 | D:3      | Found a faded altar of an unknown god.
  2928 | D:3      | Prayed at the altar of an unknown god.
  2928 | D:3      | Became a worshipper of Xom of Chaos
  3131 | D:3      | Upgraded the game from 0.29-a0-878-g7b45a56547 to
                  | 0.29-a0-885-gb26ba3297d
  3663 | D:3      | XOM: butterfly on damage
  3664 | D:3      | Killed from afar by an orc priest

Illustrated notes

Levels and vault maps discovered:
D:1:      wander_arrival_chamber, layout_loops_corners
D:2:      layout_rooms
D:3:      layout_loops_ring, good_gods_mini_temple, doesnt_xom_only_xom,
          shapermc_ecumenical_altar_mp_ritualfount

Skill      XL: |  1  2  3  4 |
---------------+-------------+-----
Hexes          | 4 |  4.2
Stealth        | 1 2 |  2.4
Fighting       | 1 |  1.0
Ranged Weapons | 3 |  3.7
Dodging        | 3 |  3.0
Short Blades   | |  0.4
Spellcasting   | |  1.4

Action                   |  1- 3 |  4- 6 || total
-------------------------+-------+-------++-------
Melee: Short sword       |    85 |       ||    85
       Dagger            |    19 |    56 ||    75
       Punch             |     1 |     2 ||     3
       Sling             |     1 |       ||     1
 Fire: Sling             |   100 |    49 ||   149
 Cast: Slow              |    16 |     9 ||    25
  Use: Potion            |       |     1 ||     1
 Stab: Sleeping          |    10 |     1 ||    11
Armor: Robe              |    17 |     4 ||    21
Dodge: Dodged            |   104 |    39 ||   143

Table legend: (Time is in decaauts)
 A = Elapsed time spent in this place.
 B = Non-inter-level travel time spent in this place.
 C = Inter-level travel time spent in this place.
 D = Time resting spent in this place.
 E = Time spent auto-exploring this place.
 F = Levels seen in this place.
 G = Mean time per level.
                   A        B        C        D        E       F      G
               +--------+--------+--------+--------+--------+-----+--------+
         Total |   2911 |   2835 |     76 |   1087 |   1065 |   3 |  970.3 |
       Dungeon |   2911 |   2835 |     76 |   1087 |   1065 |   3 |  970.3 |
               +--------+--------+--------+--------+--------+-----+--------+

Top non-repeatable levels by time:
     D:1: 1340 daAuts
     D:3: 825 daAuts
     D:2: 745 daAuts
